 Dungeon Crawl Stone Soup version 0.26.1-11-gd32895ea62 (webtiles) character file.

Game seed: 4693713865769994073

11578 sankara the Severer (level 11, -6/85 HPs)
             Began as a Minotaur Monk on June 19, 2021.
             Was a High Priest of Zin.
             Mangled by a torpor snail (16 damage)
             ... on level 2 of the Lair of Beasts on June 21, 2021.
             The game lasted 00:35:49 (15950 turns).

sankara the Severer (Minotaur Monk)                Turns: 15950, Time: 00:35:50

Health: -6/85      AC: 20    Str: 16    XL:     11   Next: 51%
Magic:  15/15      EV:  7    Int:  7    God:    Zin [*****.]
Gold:   690        SH:  5    Dex: 16    Spells: 10/10 levels left

rFire    . . .     SeeInvis .   a - +0 battleaxe
rCold    . . .     Faith    .   (shield currently unavailable)
rNeg     + . .     Spirit   .   J - +0 plate armour
rPois    .         Reflect  +   o - +1 hat
rElec    .         Harm     .   R - +0 cloak
rCorr    +         Rampage  .   k - +0 pair of gloves
Will     .....                  u - +0 pair of boots (curse)
Stlth    ..........             p - amulet of reflection
HPRegen  0.24/turn              A - ring of positive energy
MPRegen  0.14/turn              P - ring of resist corrosion

@: lethally poisoned (-6 -> -10), slowed, very slow
A: retaliatory headbutt, horns 2
a: Renounce Religion, Recite, Vitalisation, Imprison, Sanctuary, Donate Gold


You were on level 2 of the Lair of Beasts.
You worshipped Zin.
Zin was extremely pleased with you.
You visited 3 branches of the dungeon, and saw 13 of its levels.
You also visited: Sewer and Bailey.

You collected 766 gold pieces.
You donated 76 gold pieces to Zin.

Inventory:

Hand Weapons
 a - a +0 battleaxe (weapon)
 b - a +0 war axe
Missiles
 d - 137 sling bullets
 g - 30 poisoned darts
 q - 316 stones
 B - 12 javelins
Armour
 k - a +0 pair of gloves (worn)
 o - a +1 hat (worn)
 u - a cursed +0 pair of boots (worn)
 J - a +0 plate armour (worn)
 R - a +0 cloak (worn)
 S - a +0 kite shield of reflection
Jewellery
 p - an amulet of reflection (around neck)
 A - a ring of positive energy (left hand)
 N - an uncursed ring of magical power
 P - a ring of resist corrosion (right hand)
 Q - an uncursed amulet of magic regeneration
Wands
 v - a wand of flame (7) (quivered)
 x - a wand of acid (10)
 y - a wand of iceblast (13)
 F - a wand of digging (7)
 I - a wand of paralysis (7)
 K - a wand of enslavement (7)
Scrolls
 f - 7 scrolls of teleportation
 h - 2 scrolls of identify
 i - 10 scrolls of remove curse
 s - a scroll of magic mapping
 t - 5 scrolls of enchant armour
 C - 3 scrolls of enchant weapon
 H - a scroll of acquirement
 L - a scroll of fear
 M - a scroll of blinking
 O - 2 scrolls of amnesia
Potions
 c - 2 potions of might
 e - 5 potions of brilliance
 j - a potion of haste
 l - 6 potions of flight
 m - 4 potions of lignification
 n - 2 potions of curing
 r - 3 potions of mutation
 z - 2 potions of degeneration
 E - a potion of attraction
 G - a potion of ambrosia


   Skills:
 + Level 4.5 Fighting
 * Level 15.1 Axes
 + Level 2.0 Throwing
 + Level 10.9 Armour
 + Level 4.2 Dodging
 - Level 1.5 Stealth
 + Level 7.4 Invocations
 - Level 3.0 Evocations


You had 10 spell levels left.
You didn't know any spells.
Your spell library was empty.

Dungeon Overview and Level Annotations

Branches:
Dungeon (10/15)            Temple (1/1) D:6            Lair (2/6) D:10
  Sewer (visited)          Bailey (visited)
  Swamp: Lair:2-4    Shoals: Lair:2-4     Snake: Lair:2-4    Spider: Lair:2-4
    Orc: D:9-12

Altars:
Ashenzari
Cheibriados
Dithmenos
Elyvilon
Fedhas
Gozag
Hepliaklqana
Kikubaaqudgha
Makhleb
Nemelex Xobeh
Okawaru
Qazlal
Ru
Sif Muna
Trog
Uskayaw
Vehumet
Wu Jian
Xom
Yredelemnul
Zin
The Shining One

Shops:
D:7 [   D:9 (


Innate Abilities, Weirdness & Mutations

You reflexively headbutt those who attack you in melee.
You have a pair of horns on your head.


Message History

You hit the torpor snail but do no damage.
You hit the yak.
You feel sick. The yak gores you but does no damage.
The torpor snail completely misses you.
Your Throwing skill increases to level 2!
You slash the torpor snail!
The torpor snail is heavily wounded.
You hit the yak.
You feel sick. The yak gores you but does no damage.
The torpor snail bites you.
* * * LOW HITPOINT WARNING * * *
You slash the torpor snail!
The torpor snail is severely wounded.
You closely miss the yak.
You feel sick. You block the yak's attack.
The yak gores you but does no damage. The torpor snail bites you!
* * * LOW HITPOINT WARNING * * *
You completely miss the torpor snail. You headbutt the torpor snail.
The torpor snail is severely wounded.
You slash the yak!
You kill the yak!
You feel sick. The torpor snail bites you!
You die...

.## ....###
......†###
......w@†#
.......†....#
...............
##.#...........
#..##..P......
#.# #.##......
## ## ......
...#..


You could see a torpor snail.

Vanquished Creatures
  2 two-headed ogres (D:8)
  An orc sorcerer (Bailey)
  Maurice (D:10)
  2 cane toads (Lair:1)
  A kobold demonologist (Bailey)
  A troll (D:10)
  A wraith (D:10)
  18 yaks
  2 wargs (D:10)
  A soldier ant (D:10)
  3 water moccasins
  Duvessa (D:4)
  2 sky beasts (D:6)
  A black bear (Lair:1)
  A phantom (D:6)
  11 orc warriors
  An ice beast (D:8)
  2 ogres (D:4)
  2 centaurs (D:10)
  A big kobold (Sewer)
  10 bullfrogs
  Dowan (D:4)
  3 scorpions
  A water moccasin skeleton (D:10)
  4 killer bees (D:9)
  4 howler monkeys
  12 wights
  3 electric eels (Bailey)
  2 bullfrog zombies
  A quasit (D:10)
  4 centaur zombies
  4 hounds
  8 orc priests
  A gnoll shaman (D:6)
  A bullfrog skeleton (D:10)
  5 jellies
  7 orc wizards
  2 centaur skeletons
  6 worker ants
  A killer bee zombie (D:6)
  2 hound skeletons
  2 adders
  11 gnolls
  A river rat (Sewer)
  2 shadow imps (D:9)
  3 white imps
  2 ufetubi
  An ooze (D:2)
  An adder skeleton (D:6)
  4 worms
  5 dart slugs
  7 leopard geckos
  34 orcs
  5 giant cockroaches
  14 goblins
  20 hobgoblins
  3 iguanas
  21 jackals
  6 quokkas
  4 ball pythons
  6 bats
  3 frilled lizards
  5 kobolds
  A leopard gecko skeleton (D:5)
  A quokka skeleton (D:7)
  A quokka zombie (D:2)
  13 rats
313 creatures vanquished.

Vanquished Creatures (others)
  2 orcs (D:8)
  A fungus (Lair:2)
3 creatures vanquished.

Grand Total: 316 creatures vanquished

Notes
Turn   | Place    | Note
-------+----------+-------------------------------------------
     0 | D:1      | sankara the Minotaur Monk began the quest for the Orb.
     0 | D:1      | Reached XP level 1. HP: 19/19 MP: 0/0
   169 | D:1      | Reached skill level 4 in Axes
   362 | D:1      | Reached skill level 1 in Armour
   371 | D:1      | Reached XP level 2. HP: 22/26 MP: 1/1
   786 | D:1      | Reached XP level 3. HP: 31/31 MP: 2/2
  1155 | D:2      | Reached skill level 5 in Axes
  1621 | D:2      | Reached XP level 4. HP: 34/39 MP: 3/3
  1986 | D:3      | Reached skill level 6 in Axes
  2010 | D:3      | Reached XP level 5. HP: 45/45 MP: 4/4
  2539 | D:2      | Found a blossoming altar of Fedhas.
  2682 | D:2      | Found a basalt altar of Yredelemnul.
  3062 | D:4      | Found a glowing drain.
  3072 | Sewer    | Entered a sewer
  3081 | Sewer    | Reached skill level 7 in Axes
  3081 | Sewer    | Reached XP level 6. HP: 51/51 MP: 5/5
  3193 | Sewer    | Found a white marble altar of Elyvilon.
  3381 | D:4      | Found a shimmering altar of Xom.
  3657 | D:4      | Reached skill level 8 in Axes
  3766 | D:4      | Noticed Dowan
  3771 | D:4      | Noticed Duvessa
  3791 | D:4      | Killed Duvessa
  3792 | D:4      | Reached skill level 5 in Armour
  3792 | D:4      | Reached XP level 7. HP: 33/57 MP: 6/6
  3922 | D:4      | Killed Dowan
  4109 | D:4      | Reached skill level 9 in Axes
  4885 | D:5      | Entered Level 5 of the Dungeon
  5955 | D:6      | Reached XP level 8. HP: 53/64 MP: 7/7
  6033 | D:6      | Found a staircase to the Ecumenical Temple.
  6046 | Temple   | Entered the Ecumenical Temple
  6215 | Temple   | Became a worshipper of Zin the Law-Giver
  6215 | Temple   | Reached * piety under Zin
  6215 | Temple   | Reached ** piety under Zin
  6215 | Temple   | Reached *** piety under Zin
  6274 | D:6      | Reached skill level 10 in Axes
  6640 | D:6      | Reached skill level 1 in Invocations
  7440 | D:6      | Found a snail-covered altar of Cheibriados.
  7602 | D:7      | Reached **** piety under Zin
  7612 | D:7      | Reached skill level 11 in Axes
  7826 | D:7      | Found a hazy altar of Hepliaklqana.
  7845 | D:7      | Found a glowing silver altar of Zin.
  8063 | D:7      | Reached XP level 9. HP: 65/70 MP: 10/10
  8164 | D:7      | Found Obomuvex's Armour Emporium.
  8482 | D:8      | Found a hide-covered altar of Uskayaw.
  8563 | D:8      | Reached ***** piety under Zin
  8567 | D:8      | Noticed a two-headed ogre
  8575 | D:8      | Killed a two-headed ogre
  8576 | D:8      | Reached skill level 12 in Axes
  8843 | D:8      | Found a shimmering blue altar of Sif Muna.
  9316 | D:9      | Noticed a two-headed ogre
  9564 | D:8      | Killed a two-headed ogre
  9565 | D:8      | Reached skill level 13 in Axes
  9565 | D:8      | Reached skill level 5 in Invocations
  9565 | D:8      | Reached skill level 1 in Evocations
  9565 | D:8      | Reached XP level 10. HP: 19/77 MP: 12/12
 10186 | D:9      | Found Kahunepo's Weapon Shop.
 10988 | D:10     | Entered Level 10 of the Dungeon
 11006 | D:10     | Found a flagged portal.
 11072 | Bailey   | Entered a bailey
 11190 | Bailey   | Found an iron altar of Okawaru.
 11190 | Bailey   | Noticed an orc sorcerer
 11196 | Bailey   | Noticed an orange demon
 11202 | Bailey   | Reached skill level 14 in Axes
 11204 | Bailey   | Reached skill level 10 in Armour
 11219 | Bailey   | Killed an orc sorcerer
 12366 | Bailey   | Reached XP level 11. HP: 47/82 MP: 15/15
 12830 | D:10     | Found a staircase to the Lair.
 12844 | D:10     | HP: 2/82 [something (15)]
 13201 | D:10     | HP: 4/82 [troll (9)]
 14008 | D:10     | Reached skill level 1 in Throwing
 14238 | D:10     | Noticed Maurice
 14243 | D:10     | Paralysed by Maurice for 5 turns
 14260 | D:10     | Killed Maurice
 14530 | Lair:1   | Entered Level 1 of the Lair of Beasts
 14539 | Lair:1   | Reached skill level 15 in Axes
 15950 | Lair:2   | Mangled by a torpor snail

Illustrated notes

Levels and vault maps discovered:
D:1:      dpeg_arrival_shelter, layout_basic
D:2:      layout_basic, nicolae_overflow_hidden_temple
D:3:      layout_loops_ring, kennysheep_generic_room_5
D:4:      layout_basic, gup_sewer_entry_bubbles, dk_xom_monty_hall, uniq_duvessa
D:5:      layout_layer_cave, minmay_statues_item, st_stairs_2
D:6:      layout_basic, lemuel_doored_altar, temple_hall
D:7:      layout_loops_ring, lemuel_crystal_altar, basic_altar, serial_shops,
          nicolae_shop_crystal
D:8:      layout_cave_pools, lemuel_crystal_altar, basic_altar, serial_glass,
          glass_columns_c, glass_columns_b
D:9:      layout_roguey, serial_shops, shop_statue, kennysheep_generic_room_15
D:10:     layout_loops_corners, erik_lair_orcish_takeover, enter_bailey_3,
          uniq_maurice
Temple:   eino_temple_rhombus
Lair:1:   layout_layer_cave, lemuel_fruit_fields
Lair:2:   minmay_lair_venomous_thicket, layout_hall_layers, dummy_spider_entry,
          enter_volcano_1, serial_bayou_pond_d, serial_bayou_shore_a,
          serial_bayou_shore_b

Skill      XL: |  1  2  3  4  5  6  7  8  9 10 11 |
---------------+----------------------------------+-----
Axes           | 4 5 6 7 8 9 11 13 14 15 | 15.1
Armour         | 1 2 3 5 6 7 9 10 | 10.9
Invocations    | 3 5 6 7 |  7.4
Evocations     | 1 3 |  3.0
Fighting       | 4 |  4.5
Throwing       | 2 |  2.0
Dodging        | 4 |  4.2
Stealth        | |  1.5

Action                   |  1- 3 |  4- 6 |  7- 9 | 10-12 || total
-------------------------+-------+-------+-------+-------++-------
Melee: Hand axe          |    77 |   158 |       |       ||   235
       Headbutt          |    15 |    34 |    49 |    78 ||   176
       War axe           |       |    16 |    38 |       ||    54
       Battleaxe         |       |       |   193 |   385 ||   578
Invok: Recite            |       |       |     5 |     5 ||    10
       Vitalisation      |       |       |       |     3 ||     3
Evoke: Wand              |       |       |     5 |       ||     5
  Use: Scroll            |     5 |     1 |     9 |    11 ||    26
       Potion            |       |       |       |     4 ||     4
 Stab: Confused          |       |       |     1 |     2 ||     3
       Invisible         |       |       |       |     6 ||     6
Armor: Robe              |    21 |       |       |       ||    21
       Ring mail         |       |    45 |    65 |       ||   110
       Plate armour      |       |       |     9 |   276 ||   285
Dodge: Dodged            |    74 |    83 |   120 |   111 ||   388
Block: Other             |     1 |    39 |    48 |    83 ||   171
       Reflection        |       |       |       |     1 ||     1
